 Dungeon Crawl Stone Soup version 0.19.1 (webtiles) character file.

239 Faustar the Chopper (level 5, 0/46 HPs)
             Began as a Deep Dwarf Berserker on Dec 17, 2016.
             Was a Believer of Trog.
             Slain by a mummy (18 damage)
             ... in an ossuary.
             The game lasted 00:07:45 (2295 turns).

Faustar the Chopper (Deep Dwarf Berserker)          Turns: 2295, Time: 00:07:45

Health: 0/46       AC:  4    Str: 22    XL:     5   Next: 79%
Magic:  4/4        EV: 12    Int:  7    God:    Trog [**....]
Gold:   115        SH:  0    Dex: 12    Spells: 0 memorised, 4 levels left

rFire  . . .     SeeInvis .     a - +0 hand axe
rCold  . . .     Gourm    .     b - +0 animal skin
rNeg   . . .     Faith    .     (no shield)
rPois  .         Spirit   .     h - +1 helmet
rElec  .         Reflect  .     (no cloak)
rCorr  .         Harm     .     (no gloves)
MR     .....                    (no boots)
Stlth  +.........               (no amulet)
                                (no ring)
                                (no ring)

@: non-regenerating
A: damage resistance, recharge devices, sense surroundings 1, slow regeneration
3
a: Device Recharging, Berserk, Trog's Hand, Burn Spellbooks, Renounce Religion


You were in an ossuary.
You worshipped Trog.
Trog was pleased with you.
You were not hungry.

You visited 1 branch of the dungeon, and saw 4 of its levels.
You also visited: Ossuary.

You collected 115 gold pieces.

Inventory:

Hand Weapons
 a - a +0 hand axe (weapon)
Armour
 b - a +0 animal skin (worn)
 h - a +1 helmet (worn)
Jewellery
 m - an uncursed ring of fire {unknown}
 o - a cursed -5 ring of strength {unknown}
Wands
 c - a wand of heal wounds (2/9)
Scrolls
 e - 2 scrolls of immolation {unknown}
 f - 3 scrolls of identify {unknown}
 j - a scroll of amnesia {unknown}
 l - 3 scrolls of blinking {unknown}
 n - 3 scrolls of magic mapping
 s - a scroll of vulnerability {unknown}
 u - 2 scrolls of enchant armour {unknown}
 x - a scroll of recharging {unknown}
Potions
 i - 4 potions of heal wounds {unknown}
 k - 3 potions of degeneration {unknown}
 p - a potion of cancellation {unknown}
 q - a potion of berserk rage {unknown}
 r - a potion of curing {unknown}
 t - 3 potions of magic {unknown}
 v - a potion of mutation {unknown}
 w - a potion of haste {unknown}
 z - a potion of agility {unknown}
Comestibles
 d - 3 bread rations
 g - 2 meat rations


   Skills:
 - Level 2.6 Fighting
 + Level 7.2 Axes
 - Level 2.1 Armour
 - Level 2.1 Dodging


You had 4 spell levels left.
You didn't know any spells.

Dungeon Overview and Level Annotations

Branches:
Dungeon (4/15)
 Temple: D:4-7

Altars:
Ashenzari
Nemelex Xobeh
Ru
Uskayaw


Innate Abilities, Weirdness & Mutations

You are resistant to damage.
You can recharge devices by infusing magical energy.
You passively map a small area around you.
You do not regenerate.


Message History

The mummy barely misses you.
You hit the mummy but do no damage.
The mummy is moderately damaged.
The mummy barely misses you.
You closely miss the mummy.
The mummy is moderately damaged.
You hit the mummy.
The mummy is moderately damaged.
The mummy closely misses you.
You barely miss the mummy.
The mummy is moderately damaged.
You hit the mummy but do no damage.
The mummy is moderately damaged.
The mummy hits you!
You hit the mummy.
The mummy is heavily damaged.
You hit the mummy.
The mummy is severely damaged.
The mummy hits you!!
You die...

### #.#
##'## ###
####...###
#M#
#..'...'.#
#@#
##.##...###
#.#
##..###'##
##.# ##..##
#.# ##..#
#..## +#^#
##..## #.##
#.^# #..##
#'## ##^#
#.## #.^##
#'# #'#
##..##
#.####.##


You could see a mummy.

Vanquished Creatures
  10 mummies (Ossuary)
  5 adders
  2 oozes
  2 dart slugs (D:1)
  A leopard gecko (D:2)
  An orc (D:3)
  4 giant cockroaches
  5 goblins
  5 hobgoblins
  2 jackals (D:1)
  A ball python (D:3)
  6 bats
  2 frilled lizards (D:1)
  2 gnoll skeletons (Ossuary)
  A goblin skeleton (Ossuary)
  4 kobolds
  2 kobold skeletons (Ossuary)
  3 orc skeletons (Ossuary)
  6 rats
  11 rat skeletons (Ossuary)
75 creatures vanquished.

Notes
Turn   | Place    | Note
-------+----------+-------------------------------------------
     0 | D:1      | Faustar the Deep Dwarf Berserker began the quest for the Orb.
     0 | D:1      | Reached XP level 1. HP: 20/20 MP: 1/1
    67 | D:1      | Reached XP level 2. HP: 22/27 MP: 2/2
    69 | D:1      | Reached skill level 4 in Axes
   669 | D:2      | Found a shattered altar of Ashenzari.
   669 | D:2      | Found a sacrificial altar of Ru.
   677 | D:2      | Reached XP level 3. HP: 13/33 MP: 3/3
   713 | D:2      | Reached skill level 5 in Axes
   840 | D:2      | Found a sparkling altar of Nemelex Xobeh.
   919 | D:2      | Reached XP level 4. HP: 35/40 MP: 4/4
  1355 | D:3      | Found a hide-covered altar of Uskayaw.
  1889 | D:4      | Found a sand-covered staircase.
  1893 | Ossuary  | Entered an ossuary
  1915 | Ossuary  | Reached skill level 6 in Axes
  1933 | Ossuary  | Reached ** piety under Trog
  1965 | Ossuary  | Reached XP level 5. HP: 6/46 MP: 5/5
  2226 | Ossuary  | Reached skill level 7 in Axes
  2295 | Ossuary  | Slain by a mummy

Skill      XL: |  1  2  3  4  5 |
---------------+----------------+-----
Axes           | 4 5 6 7 |  7.2
Fighting       | |  2.6
Armour         | |  2.1
Dodging        | |  2.1

Action                   |  1- 3 |  4- 6 || total
-------------------------+-------+-------++-------
Melee: Hand axe          |    94 |   170 ||   264
Invok: Berserk           |       |     1 ||     1
 Abil: Device Recharging |       |     1 ||     1
Evoke: Wand              |     1 |     6 ||     7
  Use: Scroll            |       |     2 ||     2
 Stab: Sleeping          |     2 |       ||     2
  Eat: Chunk             |       |     3 ||     3
       Meat ration       |       |     1 ||     1
Armor: Animal skin       |    18 |    28 ||    46
Dodge: Dodged            |    66 |    69 ||   135
